 Dungeon Crawl Stone Soup version 0.30-a0-141-g30f27751c5 (webtiles) character file.

Game seed: 13242254140700849549

1983 qw the Cleaver (level 9, -1/54 HPs)
             Began as a Gargoyle Fighter on Sept 25, 2022.
             Slain by a wight
             ... wielding a +4 short sword of freezing
              (5 damage)
             ... on level 6 of the Dungeon.
             The game lasted 00:01:46 (5573 turns).

qw the Cleaver (Gargoyle Fighter)                   Turns: 5573, Time: 00:01:47

Health: -1/54      AC: 16    Str: 24    XL:     9   Next: 20%
Magic:  9/9        EV:  9    Int:  9    God:
Gold:   219        SH:  9    Dex:  9    Spells: 8/8 levels left

rFire   . . .      SeeInvis .    Y - +0 war axe
rCold   + + .      Faith    .    p - +0 kite shield
rNeg    + . .      Spirit   .    b - +0 scale mail
rPois   inf        Reflect  .    j - +1 helmet
rElec   +          Harm     .    (no cloak)
rCorr   .          Rampage  .    (no gloves)
Will    .....                    e - +0 pair of boots
Stlth   ..........               (no amulet)
HPRegen 0.18/turn                c - ring of protection from cold
MPRegen 0.11/turn                i - ring of protection from cold

@: no status effects
A: sickness immunity, AC +6, negative energy resistance 1, electricity
resistance, torment resistance 1, petrification resistance
a: no special abilities


You were on level 6 of the Dungeon.
You visited 1 branch of the dungeon, and saw 6 of its levels.

You collected 219 gold pieces.


Innate Abilities, Weirdness & Mutations

You are immune to sickness and miasma.
Your stone body is resilient. (AC +6)
You are immune to poison.
You resist negative energy. (rN+)
You are resistant to electric shocks. (rElec)
You are resistant to unholy torment.
You are immune to petrification.


   Skills:
 + Level 5.1 Fighting
 - Level 8.6 Axes
 - Level 1.0 Throwing
 - Level 3.2 Armour
 - Level 1.7 Dodging
 - Level 7.0 Shields


You had 8 spell levels left.
You didn't know any spells.
Your spell library was empty.

Inventory:

Hand Weapons
 g - a +1 flail of holy wrath
 Y - a +0 war axe (weapon)
Missiles
 l - 6 boomerangs (quivered)
Armour
 a - a +0 chain mail
 b - a +0 scale mail (worn)
 e - a +0 pair of boots (worn)
 j - a +1 helmet (worn)
 p - a +0 kite shield (worn)
Jewellery
 c - a ring of protection from cold (left hand)
 i - a ring of protection from cold (right hand)
Scrolls
 m - a scroll of identify
Potions
 d - a potion of might
 f - 3 potions of curing
 h - a potion of mutation
 n - 2 potions of lignification

Dungeon Overview and Level Annotations

Branches:
Dungeon (6/15)
 Temple: D:4-7

Altars:

Annotations:
D:4 2 runed translucent doors, qw's ghost, amateur GrFi


Message History

You slash the orc wizard! You hit the lemure but do no damage.
The lemure barely misses you. You block the orc wizard's attack.
Pikel barely misses you.
You hit the orc wizard but do no damage.
The orc wizard is severely wounded.
You slash Pikel! You closely miss the lemure. The lemure barely misses you.
The orc wizard casts a spell.
The orc wizard flickers and vanishes!
Deactivating autopickup; reactivate with Ctrl-A.
Pikel hits you with a +1 whip of electrocution.
You hit Pikel.
Pikel is severely wounded.
You barely miss something. You hit the lemure.
Pikel hits you with a +1 whip of electrocution.
The lemure hits you. Something completely misses you.
The lemure barely misses you. Pikel waves his whip at you.
You block Pikel's attack. Something hits you but does no damage.
You slash Pikel!
You kill Pikel!
You barely miss something. You barely miss the lemure.
With Pikel's spell broken, his former minions thank you for their freedom.
The lemure departs this earthly plane. x2
Something hits you but does no damage.
Your Axes skill increases to level 8!
You have reached level 9!
Your experience leads to an increase in your attributes!
Increase (S)trength, (I)ntelligence, or (D)exterity?
You feel stronger. x2
You hit the wight.
The wight is lightly damaged.
You miss something. Something hits you but does no damage.
You block the wight's attack.
You closely miss the wight.
The wight is lightly damaged.
You hit something.
Reactivating autopickup.
You feel a bit more experienced.
The wight hits you with a +4 short sword of freezing.
You die...

#.....)#...........#
#.................$#
.......
#!...)##...$.......#
.......
#.....#............#
......[
#.....#............#
.......
########.........#
...#... ##
#.......¤¤# #.....
.8 #......¤.z# #....
.. ###.######@#
#..S. .. 8#.
######)# #.... .. ##
#......# ##... .8 #
#.####.# ####.....
## #.........#
#........ #
#.........#
#......##
#.........# #...%..#
#.........#
#.......#
#.........#
#.......#


You could see a wight.

Vanquished Creatures
  Pikel (D:6)
  Eustachio (D:4)
  Menkaure (D:4)
  Edmund (D:5)
  A water moccasin (D:6)
  An ice beast (D:5)
  An ogre (D:4)
  A phantom (D:4)
  2 lemures (D:6)
  A kobold brigand (D:5)
  2 scorpions (D:4)
  2 wights (D:6)
  A jelly (D:5)
  3 hounds
  An orc priest (D:3)
  An iguana (D:5)
  2 orc wizards (D:6)
  11 gnolls
  5 adders
  A shadow imp (D:5)
  3 ufetubi
  A worm (D:2)
  2 dart slugs
  16 orcs
  9 ball pythons
  A bat (D:1)
  10 endoplasms
  2 giant cockroaches
  3 goblins
  5 hobgoblins
  3 jackals (D:5)
  7 kobolds
  3 quokkas
  A frilled lizard (D:3)
  5 rats
111 creatures vanquished.

Notes
Turn   | Place    | Note
-------+----------+-------------------------------------------
     0 | D:1      | qw the Gargoyle Fighter began the quest for the Orb.
     0 | D:1      | Reached XP level 1. HP: 14/14 MP: 1/1
     0 | D:1      | 0 ||| qw: Version: 0.2-a-10-g399e6c4
     0 | D:1      | 0 ||| qw: Game counter: 291
     0 | D:1      | 0 ||| qw: Always use a shield: true
     0 | D:1      | 0 ||| qw: God list: Okawaru
     0 | D:1      | 0 ||| qw: Allow faded altars: false
     0 | D:1      | 0 ||| qw: Do Orc after D:15 true
     0 | D:1      | 0 ||| qw: Do second Lair branch before Depths: true
     0 | D:1      | 0 ||| qw: Lair rune preference: random
     0 | D:1      | 0 ||| qw: Plans: Normal, Zot:1-4, God:TSO, Crypt, Tomb,
                  | Pan, Slime:5, Hells, Abyss, Orb
     0 | D:1      | 0 ||| PLANNING D:1-11
    50 | D:1      | Reached skill level 2 in Axes
   175 | D:1      | Reached XP level 2. HP: 19/19 MP: 2/2
   403 | D:1      | 403 ||| DROPPING +0 whip.
   766 | D:1      | Found a faded altar of an unknown god.
   875 | D:1      | 875 ||| UPGRADING to +0 pair of boots.
   880 | D:1      | 880 ||| UPGRADING to +1 helmet.
   885 | D:1      | 885 ||| READING scroll labelled TUYNTIYCYPH.
   886 | D:1      | 886 ||| DRINKING 2 pink potions.
   887 | D:1      | 887 ||| DRINKING 2 purple potions.
   888 | D:1      | 888 ||| DROPPING potion of flight.
   937 | D:2      | 937 ||| Stepping ~*~*~tactically~*~*~ (stealth).
   988 | D:2      | Reached skill level 3 in Axes
  1084 | D:2      | Reached XP level 3. HP: 23/23 MP: 3/3
  1675 | D:2      | 1675 ||| READING 3 scrolls labelled XUGYNKOVEU.
  1676 | D:2      | 1676 ||| READING 2 scrolls labelled ACLACU ULUMELU.
  1677 | D:2      | 1677 ||| READING 3 scrolls labelled QUQOIGGA UGO.
  1681 | D:2      | 1681 ||| DROPPING 2 scrolls of amnesia.
  1682 | D:2      | 1682 ||| DROPPING scroll of blinking.
  1816 | D:3      | 1816 ||| Stepping ~*~*~tactically~*~*~ (hiding).
  1819 | D:3      | Reached skill level 1 in Throwing
  1823 | D:3      | Reached XP level 4. HP: 13/28 MP: 4/4
  2554 | D:3      | 2554 ||| UPGRADING to +2 buckler.
  2564 | D:3      | 2564 ||| DROPPING +0 buckler.
  2565 | D:3      | 2565 ||| READING 5 scrolls of identify.
  2565 | D:3      | 2565 ||| IDENTIFYING grey potion
  2566 | D:3      | 2566 ||| READING 4 scrolls of identify.
  2566 | D:3      | 2566 ||| IDENTIFYING clear potion
  2567 | D:3      | 2567 ||| DROPPING potion of invisibility.
  2596 | D:4      | Noticed a scorpion
  2597 | D:4      | 2597 ||| STAIRDANCE
  2602 | D:4      | 2602 ||| STAIRDANCE
  2607 | D:3      | Reached skill level 4 in Axes
  2667 | D:4      | Killed a scorpion
  2668 | D:4      | Reached XP level 5. HP: 26/32 MP: 5/5
  2668 | D:4      | 2668 ||| STAIRDANCE
  2755 | D:4      | 2755 ||| Stepping ~*~*~tactically~*~*~ (stealth).
  2757 | D:4      | 2757 ||| Stepping ~*~*~tactically~*~*~ (stealth).
  2770 | D:4      | Noticed Menkaure
  2776 | D:4      | Killed Menkaure
  2777 | D:4      | Reached skill level 5 in Axes
  2777 | D:4      | Reached XP level 6. HP: 33/37 MP: 6/6
  2939 | D:4      | 2939 ||| Stepping ~*~*~tactically~*~*~ (stealth).
  2940 | D:4      | 2940 ||| Stepping ~*~*~tactically~*~*~ (stealth).
  3184 | D:4      | Reached skill level 1 in Dodging
  3184 | D:4      | Reached XP level 7. HP: 44/44 MP: 7/7
  3401 | D:4      | 3401 ||| Stepping ~*~*~tactically~*~*~ (stealth).
  3402 | D:4      | 3402 ||| Stepping ~*~*~tactically~*~*~ (stealth).
  3403 | D:4      | 3403 ||| Stepping ~*~*~tactically~*~*~ (stealth).
  3405 | D:4      | 3405 ||| Stepping ~*~*~tactically~*~*~ (hiding).
  3406 | D:4      | 3406 ||| Stepping ~*~*~tactically~*~*~ (hiding).
  3407 | D:4      | 3407 ||| Stepping ~*~*~tactically~*~*~ (hiding).
  3448 | D:4      | Found a runed translucent door.
  3451 | D:4      | Noticed qw's ghost (amateur GrFi)
  3477 | D:4      | Found a runed translucent door.
  3575 | D:4      | Reached skill level 6 in Axes
  3708 | D:4      | Noticed Eustachio
  3738 | D:4      | Killed Eustachio
  4131 | D:4      | Reached skill level 7 in Axes
  4245 | D:4      | 4245 ||| UPGRADING to +0 kite shield.
  4255 | D:4      | 4255 ||| DROPPING +2 buckler.
  4256 | D:4      | 4256 ||| UPGRADING to ring of protection from cold.
  4257 | D:4      | 4257 ||| READING 2 scrolls labelled FIOTIPP CONNA.
  4258 | D:4      | 4258 ||| DRINKING 2 blue potions.
  4259 | D:4      | 4259 ||| DROPPING potion of degeneration.
  4260 | D:4      | 4260 ||| DROPPING scroll of fear.
  4295 | D:5      | Entered Level 5 of the Dungeon
  4413 | D:5      | Reached XP level 8. HP: 48/48 MP: 8/8
  4416 | D:5      | Noticed Edmund
  4433 | D:5      | Killed Edmund
  4555 | D:5      | 4555 ||| DROPPING +0 flail.
  4735 | D:5      | Reached skill level 6 in Shields
  4770 | D:5      | 4770 ||| Stepping ~*~*~tactically~*~*~ (hiding).
  5162 | D:5      | 5162 ||| UPGRADING to ring of protection from cold.
  5163 | D:5      | 5163 ||| READING scroll labelled LIUNWA QUPON.
  5164 | D:5      | 5164 ||| READING scroll labelled BUTWOWKOME.
  5165 | D:5      | 5165 ||| READING 4 scrolls of identify.
  5165 | D:5      | 5165 ||| IDENTIFYING lumpy white potion
  5166 | D:5      | 5166 ||| READING 3 scrolls of identify.
  5166 | D:5      | 5166 ||| IDENTIFYING cyan potion
  5167 | D:5      | 5167 ||| READING 2 scrolls of identify.
  5167 | D:5      | 5167 ||| IDENTIFYING coppery potion
  5168 | D:5      | 5168 ||| DROPPING potion of magic.
  5169 | D:5      | 5169 ||| DROPPING potion of brilliance.
  5255 | D:6      | 5255 ||| Stepping ~*~*~tactically~*~*~ (hiding).
  5305 | D:6      | 5305 ||| Stepping ~*~*~tactically~*~*~ (hiding).
  5306 | D:6      | 5306 ||| Stepping ~*~*~tactically~*~*~ (hiding).
  5307 | D:6      | 5307 ||| Stepping ~*~*~tactically~*~*~ (hiding).
  5321 | D:6      | HP: 10/49 [wight/+0 falchion (6)]
  5322 | D:6      | 5322 ||| READING 4 scrolls of teleportation.
  5325 | D:6      | 5325 ||| READING 3 scrolls of teleportation.
  5327 | D:6      | Noticed Pikel
  5328 | D:6      | 5328 ||| READING 2 scrolls of teleportation.
  5330 | D:6      | HP: 10/49 [lemure[Pikel] (2)]
  5332 | D:6      | 5332 ||| READING scroll of teleportation.
  5541 | D:6      | 5541 ||| FLEEEEING.
  5569 | D:6      | HP: 11/49 [Pikel/+1 whip of electrocution (6)]
  5570 | D:6      | HP: 3/49 [lemure[Pikel] (6)]
  5571 | D:6      | Killed Pikel
  5572 | D:6      | Reached skill level 8 in Axes
  5572 | D:6      | Reached XP level 9. HP: 4/54 MP: 9/9
  5573 | D:6      | Slain by a wight

Levels and vault maps discovered:
D:1:      tarquinn_simple_flora_water_d, layout_basic,
          shapermc_ecumenical_altar_hornbeckon, minmay_misc_feat_secret_circle,
          serial_park_tiny_2, nicolae_figureground_sparkle
D:2:      layout_loops_cross
D:3:      layout_loops_ring, corexii_leaking_fountain
D:4:      layout_layer_cave, ebering_ghost_sewer_f,
          hangedman_abyss_or_decor_lesser_grid, grunt_ministairs_7,
          columned_hall_lemuel, uniq_crazy_yiuf_cottage, uniq_menkaure,
          uniq_eustachio
D:5:      layout_basic, uniq_edmund
D:6:      layout_basic, nicolae_overflow_hidden_temple, uniq_pikel

Skill      XL: |  1  2  3  4  5  6  7  8 |
---------------+-------------------------+-----
Axes           | 2 3 4 5 7 8 |  8.6
Throwing       | 1 |  1.0
Fighting       | 4 5 |  5.1
Dodging        | 1 |  1.7
Shields        | 4 7 |  7.0
Armour         | |  3.2

Action                   |  1- 3 |  4- 6 |  7- 9 || total
-------------------------+-------+-------+-------++-------
Melee: War axe           |    87 |    65 |   199 ||   351
Throw: Javelin           |     6 |    14 |    14 ||    34
       Boomerang         |       |    12 |    36 ||    48
  Use: Potion            |     2 |       |     1 ||     3
       Scroll            |     4 |     2 |    10 ||    16
Armor: Scale mail        |    31 |    21 |   157 ||   209
Dodge: Dodged            |    33 |    18 |   129 ||   180
Block: Buckler           |    12 |    24 |    24 ||    60
       Kite shield       |       |       |    69 ||    69

Table legend:
 A = Non-vault XP
 B = Vault XP
 C = Vault XP percentage of total XP
 D = Non-vault monster count
 E = Vault monster count
 F = Vault count percentage of total count
                 A         B        C        D         E       F
            +---------+---------+-------+---------+---------+-------
      Total |    1576 |    1295 |  45.1 |     103 |       6 |   5.5
            +---------+---------+-------+---------+---------+-------
        D:1 |      24 |       0 |   0.0 |      14 |       0 |   0.0
        D:2 |      24 |       0 |   0.0 |      13 |       0 |   0.0
        D:3 |      80 |       2 |   2.4 |      17 |       1 |   5.6
        D:4 |     532 |     454 |  46.0 |      27 |       3 |  10.0
        D:5 |     470 |     166 |  26.1 |      20 |       1 |   4.8
        D:6 |     446 |     673 |  60.1 |      12 |       1 |   7.7
            +---------+---------+-------+---------+---------+-------
